 Dungeon Crawl Stone Soup version 0.19-a0-1251-gd6e46da (webtiles) character file.

100 TheGoonsmith the Sneak (level 4, -7/21 HPs)
             Began as a Spriggan Enchanter on Aug 27, 2016.
             Was an Initiate of Ashenzari.
             Killed by divine providence
             ... invoked by an orc priest
              (15 damage)
             ... on level 3 of the Dungeon.
             The game lasted 00:07:24 (3604 turns).

TheGoonsmith the Sneak (Spriggan Enchanter)         Turns: 3604, Time: 00:07:25

Health: -7/21      AC:  4    Str:  9    XL:     4   Next: 47%
Magic:  2/9        EV: 20    Int: 16    God:    Ashenzari [......]
Gold:   127        SH:  0    Dex: 17    Spells: 3 memorised, 2 levels left

rFire  . . .     SeeInvis +     a - +1 dagger
rCold  . . .     Gourm    .     b - +1 robe
rNeg   . . .     Faith    .     (shield restricted)
rPois  .         Spirit   .     (helmet restricted)
rElec  .         Dismiss  .     q - +0 cloak
rCorr  .         Reflect  .     (gloves unavailable)
MR     .....     Harm     .     (boots unavailable)
Stlth  +++.......               (no amulet)
                                (no ring)
                                (no ring)

@: mighty, very quick
A: unfitting armour, see invisible, herbivore 3, speed 3, slow metabolism 2
a: Curse Item, Renounce Religion


You were on level 3 of the Dungeon.
You worshipped Ashenzari.
Ashenzari was noncommittal.
You were not hungry.

You visited 1 branch of the dungeon, and saw 3 of its levels.

You collected 127 gold pieces.

Inventory:

Hand Weapons
 a - a +1 dagger (weapon)
Missiles
 f - 11 poisoned needles
Armour
 b - a +1 robe (worn)
 q - a +0 cloak (worn)
Jewellery
 s - an uncursed ring of protection from fire
Scrolls
 e - 5 scrolls of identify {unknown}
 k - a scroll of magic mapping {unknown}
 l - 2 scrolls of remove curse
Potions
 g - a potion of curing
 h - 2 potions of cancellation
 i - a potion of brilliance {unknown}
 j - a potion of berserk rage {unknown}
 m - a potion of mutation {unknown}
 o - a potion of haste {unknown}
 p - a potion of heal wounds {unknown}
Books
 c - a book of Maledictions

   Spells                             Type                      Level
   a - Corona                         Hexes                        1
   b - Ensorcelled Hibernation        Hexes/Ice                    2
   c - Confuse                        Hexes                        3
   d - Tukima's Dance                 Hexes                        3
   e - Dazzling Spray                 Conjuration/Hexes            3
Comestibles
 d - 3 bread rations
 n - a slice of pizza


   Skills:
 + Level 0.4 Fighting
 - Level 4.0 Short Blades
 - Level 4.4 Dodging
 - Level 4.4 Stealth
 - Level 2.6 Spellcasting
 - Level 3.6 Hexes


You had 2 spell levels left.
You knew the following spells:

 Your Spells              Type           Power        Failure   Level  Hunger
a - Corona                Hex            ##.....      6%          1    #......
b - Ensorcelled Hibernat  Hex/Ice        #.....       17%         2    ##.....
c - Confuse               Hex            ##......     14%         3    ###....


Dungeon Overview and Level Annotations

Branches:
Dungeon (3/15)

Altars:
Ashenzari
Yredelemnul

Annotations:
D:2 1 runed door


Innate Abilities, Weirdness & Mutations

You are tiny and cannot use many weapons and most armour.
You have supernaturally acute eyesight. (SInv)
You are a herbivore.
You cover ground extremely quickly.
You need consume almost no food.


Message History

The orc priest is heavily wounded.
The orc priest hits you with a club.
It was a potion of might.
You feel very mighty all of a sudden. The orc priest closely misses you.
You closely miss the orc priest.
The orc priest is heavily wounded.
You completely miss the orc priest.
The orc priest is heavily wounded.
The orc priest hits you but does no damage.
You closely miss the orc priest.
The orc priest is heavily wounded.
The orc priest calls down the wrath of Beogh upon you.
You struggle to resist.
You closely miss the orc priest.
The orc priest is heavily wounded.
The orc priest invokes the aid of Beogh against you.
Beogh smites you!
Ouch! That really hurt!
You die...

#.#...............
#..##...........##.
##.###....#.........
..........##.#......#
###..................
#..........###.....
#..........#.......
##..o.............##
#..@......<.......#8
###.###........[....##
#...###.........[...##
#...##..............##
#...................#8
#....###.<...)......#
#...## ##.....#.....#
#...# #############
#...#


You could see an orc priest.

Vanquished Creatures
  2 adders (D:2)
  An ooze (D:3)
  A worm (D:2)
  2 dart slugs (D:2)
  A giant gecko (D:1)
  5 orcs (D:3)
  4 giant cockroaches
  7 goblins
  11 hobgoblins
  2 jackals (D:2)
  4 kobolds
  3 quokkas
  6 bats
  3 giant newts
  A goblin skeleton (D:2)
  10 rats
63 creatures vanquished.

Notes
Turn   | Place    | Note
-------+----------+-------------------------------------------
     0 | D:1      | TheGoonsmith the Spriggan Enchanter began the quest for the Orb.
     0 | D:1      | Reached XP level 1. HP: 9/9 MP: 5/5
   256 | D:1      | Reached XP level 2. HP: 10/13 MP: 6/6
   571 | D:1      | Learned a level 2 spell: Ensorcelled Hibernation
  1523 | D:2      | Reached XP level 3. HP: 14/16 MP: 0/8
  2455 | D:2      | Noticed a human
  2456 | D:2      | Found a runed door.
  2460 | D:2      | Found a basalt altar of Yredelemnul.
  2518 | D:2      | Reached XP level 4. HP: 19/21 MP: 9/9
  2591 | D:2      | Found a shattered altar of Ashenzari.
  2599 | D:2      | Became a worshipper of Ashenzari the Shackled
  2848 | D:3      | Learned a level 3 spell: Confuse
  3604 | D:3      | Killed from afar by an orc priest

Vault maps used:
D:1:      sevenhm_arrival_forest_fort_large_4, serial_co_window_serial,
          co_window_paths_a, co_window_of_opportunity_a, co_window_paths_a,
          co_window_paths_a, co_window_paths_a, co_window_broadway_c,
          co_window_unsneaky_path_c, co_window_2corner, co_window_4corner_a,
          glass_columns_a
D:2:      lemuel_coloured_pillars_altar, dk_yredelemnul_ordeal
D:3:      first_bread, serial_corexii_hall, corexii_hall_statues_x,
          corexii_hall_statues_t, corexii_hall_statues_s,
          corexii_hall_statues_x, grunt_gozag_statues

Skill      XL: |  1  2  3  4 |
---------------+-------------+-----
Short Blades   | 2 3 4 |  4.0
Dodging        | 4 |  4.4
Fighting       | |  0.4
Stealth        | |  4.4
Spellcasting   | |  2.6
Hexes          | |  3.6

Action                   |  1- 3 |  4- 6 || total
-------------------------+-------+-------++-------
Melee: Dagger            |   178 |   164 ||   342
 Cast: Ensorcelled Hiber |    13 |     4 ||    17
       Confuse           |       |    12 ||    12
  Use: Potion            |       |     3 ||     3
 Stab: Sleeping          |    12 |     5 ||    17
       Distracted        |     1 |     1 ||     2
       Confused          |       |     3 ||     3
  Eat: Bread ration      |       |     1 ||     1
Armor: Robe              |    15 |    24 ||    39
Dodge: Dodged            |   125 |   125 ||   250
